 Dungeon Crawl Stone Soup version 0.18-a0-1692-g516f9e9 (webtiles) character file.

1478 dohliylev the Covert (level 8, -7/53 HPs)
             Began as a Vampire Enchanter on Apr 5, 2016.
             Was a Follower of Nemelex Xobeh.
             Killed from afar by an orc wizard (13 damage)
             ... with a puff of flame
             ... on level 6 of the Dungeon.
             The game lasted 00:26:44 (5981 turns).

dohliylev the Covert (Vampire Enchanter)            Turns: 5981, Time: 00:26:45

Health: -7/53      AC:  7    Str:  7    XL:     8   Next: 50%
Magic:  0/13       EV: 13    Int: 17    God:    Nemelex Xobeh [*.....]
Gold:   270        SH:  0    Dex: 17    Spells: 3 memorised, 8 levels left

rFire  . . .     SeeInvis +     a - +1 dagger
rCold  + + .     Gourm    .     p - +1 robe
rNeg   + + +     Faith    +     (no shield)
rPois  +         Spirit   .     r - +0 helmet
rElec  .         Dismiss  .     y - +0 cloak
rCorr  .         Reflect  .     G - +0 pair of gloves
SustAt .         Harm     .     e - +0 pair of boots
MR     .....                    I - amulet of faith
Stlth  ++++++++..               C - ring of Shadows {Umbra +Inv rN+ SInv}
                                A - +3 ring of slaying (curse)

@: very slightly contaminated, regenerating slowly, wreathed by umbra, drained,
invisible, not resistant to hostile enchantments, extraordinarily stealthy
A: fangs 3, see invisible, unbreathing
a: Bat Form, Renounce Religion, Turn Visible


You were on level 6 of the Dungeon.
You worshipped Nemelex Xobeh.
Nemelex Xobeh was aware of your devotion.
You were near bloodless.

You visited 1 branch of the dungeon, and saw 6 of its levels.

You collected 270 gold pieces.

Inventory:

Hand Weapons
 a - a +1 dagger (weapon)
 b - a +0 blowgun
 m - a +2 mace of protection
Missiles
 q - 20 poisoned needles
Armour
 e - a +0 pair of boots (worn)
 p - a +1 robe (worn)
 r - a +0 helmet (worn)
 y - a +0 cloak (worn)
 G - a +0 pair of gloves (worn)
 Q - a +2 leather armour of cold resistance
Jewellery
 A - a cursed +3 ring of slaying (left hand)
 C - the ring of Shadows (right hand) {Umbra +Inv rN+ SInv}
   (You found it on level 4 of the Dungeon)

   [ring of positive energy]

   It protects you from negative energy.
   It lets you see invisible.
   It lets you turn invisible.
 I - an amulet of faith (around neck)
 P - an uncursed amulet of harm
Wands
 x - a wand of iceblast (8/15)
 K - a wand of polymorph (12/24)
 L - a wand of flame (38/48)
 O - a wand of lightning (4/15)
Scrolls
 f - 11 scrolls of remove curse
 g - a scroll of immolation {unknown}
 j - 7 scrolls of identify {unknown}
 k - 3 scrolls of fear {unknown}
 l - a scroll of recharging {unknown}
 n - a scroll of blinking {unknown}
 z - a scroll of teleportation {unknown}
 F - 2 scrolls of amnesia {unknown}
Potions
 d - 17 potions of blood
 h - 4 potions of curing {unknown}
 i - 3 potions of haste {unknown}
 o - a potion of ambrosia {unknown}
 s - 2 potions of cure mutation {unknown}
 t - a potion of mutation {unknown}
 v - 2 potions of agility {unknown}
 B - a potion of heal wounds {unknown}
 H - a potion of lignification {unknown}
 M - a potion of might {unknown}
Books
 c - a book of Maledictions

   Spells                             Type                      Level
   a - Corona                         Hexes                        1
   b - Ensorcelled Hibernation        Hexes/Ice                    2
   c - Confuse                        Hexes                        3
   d - Tukima's Dance                 Hexes                        3
   e - Dazzling Spray                 Conjuration/Hexes            3
Miscellaneous
 u - an ornate deck of war
 D - a plain deck of escape
 J - a plain deck of destruction
 N - a plain deck of war {drawn: 1}


   Skills:
 + Level 0.3(0.0) Fighting
 + Level 2.6(1.9) Short Blades
 + Level 0.7(0.0) Throwing
 + Level 3.8(3.1) Dodging
 + Level 10.3(9.4) Stealth
 + Level 3.9(3.2) Spellcasting
 + Level 6.7(5.9) Hexes
 + Level 3.6(2.8) Ice Magic
 * Level 3.3(2.6) Evocations


You had 8 spell levels left.
You knew the following spells:

 Your Spells              Type           Power        Failure   Level  Hunger
a - Corona                Hex            ###....      1%          1    None
b - Ensorcelled Hibernat  Hex/Ice        ###...       4%          2    ##.....
c - Dazzling Spray        Conj/Hex       ##......     17%         3    ###....


Dungeon Overview and Level Annotations

Branches:
Dungeon (6/15)             Temple (0/1) D:6

Altars:
Gozag
Makhleb
Nemelex Xobeh
Ru
The Shining One


Innate Abilities, Weirdness & Mutations

You heal slowly.
You have razor-sharp teeth.
You have supernaturally acute eyesight.
You can survive without breathing.


Message History

You kill the centaur!
You hit the adder skeleton. You bite the adder skeleton.
The adder skeleton barely misses you.
You hit the adder skeleton. Your bite misses the adder skeleton.
The adder skeleton bites you but does no damage.
You see here 2 arrows.
Things that are here:
a dagger; a robe The adder skeleton closely misses you.
Okay, then.
You hit the adder skeleton. You bite the adder skeleton.
You destroy the adder skeleton!
You barely miss the orc wizard. The orc wizard hits you with a dagger.
* * * LOW HITPOINT WARNING * * *
You fade into invisibility!
You feel almost devoid of blood!
The orc wizard points at you and mumbles some strange words.
The puff of flame hits you!
You die...
Your body disappears without a glow.

## ## ###?. ..## ### ##.....
...# ##.## ....... ...#
##...# ....... ...## #....##
.......
#...#######.....######.......
#............(..@oFoo..(.....
##[)............#####........
#.########......# ##..(....
#.# #......# ....((. #.#
######## ....... #.# ...(...
.#### #...... ....# #.....
....#


You could see a giant frog, an orc wizard (invisible) and 2 orcs.

Vanquished Creatures
  Menkaure (D:6)
  A sky beast (D:5)
  A black bear (D:4)
  An ogre (D:6)
  2 centaurs (D:6)
  A wight (D:6)
  2 crimson imps
  3 orc priests
  4 hounds
  5 orc wizards
  2 gnoll shamans
  2 iguanas
  3 worker ants
  A hound skeleton (D:4)
  8 gnolls
  A howler monkey skeleton (D:4)
  11 adders
  A shadow imp (D:5)
  An ooze (D:2)
  2 adder skeletons
  5 worms
  A dart slug (D:1)
  3 giant geckos
  19 orcs
  5 giant cockroaches
  6 goblins
  8 hobgoblins
  10 kobolds
  6 bats
  3 giant newts
  6 rats
125 creatures vanquished.

Notes
Turn   | Place    | Note
--------------------------------------------------------------
     0 | D:1      | dohliylev the Vampire Enchanter began the quest for the Orb.
     0 | D:1      | Reached XP level 1. HP: 13/13 MP: 3/3
   332 | D:1      | Reached XP level 2. HP: 19/19 MP: 5/5
   336 | D:1      | Learned a level 2 spell: Ensorcelled Hibernation
   480 | D:1      | Reached skill level 5 in Stealth
   788 | D:1      | Reached skill level 5 in Hexes
  1144 | D:1      | Reached XP level 3. HP: 24/24 MP: 3/6
  1382 | D:3      | Reached skill level 6 in Stealth
  1526 | D:3      | Reached XP level 4. HP: 30/30 MP: 7/7
  1778 | D:4      | Reached skill level 7 in Stealth
  1827 | D:4      | Reached skill level 1 in Ice Magic
  1827 | D:4      | Reached XP level 5. HP: 34/35 MP: 5/8
  1882 | D:5      | Entered Level 5 of the Dungeon
  1891 | D:5      | Found a sacrificial altar of Ru.
  2358 | D:2      | Found a sparkling altar of Nemelex Xobeh.
  2362 | D:2      | Became a worshipper of Nemelex Xobeh the Trickster
  2380 | D:2      | Received a gift from Nemelex Xobeh
  2563 | D:2      | Found an opulent altar of Gozag.
  3387 | D:3      | Reached skill level 1 in Evocations
  3387 | D:3      | Reached XP level 6. HP: 41/41 MP: 2/9
  3478 | D:3      | Reached * piety under Nemelex Xobeh
  3782 | D:4      | Reached skill level 8 in Stealth
  3790 | D:4      | Received a gift from Nemelex Xobeh
  4450 | D:5      | Found a burning altar of Makhleb.
  4453 | D:5      | Found a sparkling altar of Nemelex Xobeh.
  4453 | D:5      | Found a glowing golden altar of the Shining One.
  4495 | D:5      | Reached XP level 7. HP: 36/46 MP: 11/11
  4500 | D:5      | Learned a level 3 spell: Dazzling Spray
  4588 | D:5      | Received a gift from Nemelex Xobeh
  4868 | D:5      | Reached skill level 9 in Stealth
  4969 | D:5      | Received a gift from Nemelex Xobeh
  5138 | D:5      | Reached ** piety under Nemelex Xobeh
  5292 | D:6      | Noticed Menkaure
  5307 | D:6      | Killed Menkaure
  5307 | D:6      | Reached XP level 8. HP: 32/53 MP: 1/13
  5569 | D:6      | Reached skill level 10 in Stealth
  5603 | D:6      | Found a staircase to the Ecumenical Temple.
  5981 | D:6      | Killed from afar by an orc wizard

Vault maps used:
D:1:      scummos_arrival_simple_crosswalls
D:2:      old_standard_altar, first_bread, st_stairs_6,
          nemelex_dance_club_becter
D:5:      grunt_temple_overflow_open
D:6:      minmay_temple_entry_junction2, uniq_menkaure

Skill      XL: |  1  2  3  4  5  6  7  8 |
---------------+-------------------------+-----
Stealth        | 5 6 7 8 9 10 | 10.3
Hexes          | 5 6 |  6.7
Ice Magic      | 1 2 3 |  3.6
Evocations     | 1 2 3 |  3.3
Spellcasting   | 3 |  3.9
Short Blades   | 2 |  2.6
Dodging        | 3 |  3.8
Fighting       | |  0.3
Throwing       | |  0.7

Action                   |  1- 3 |  4- 6 |  7- 9 || total
-------------------------+-------+-------+-------++-------
Melee: Dagger            |    60 |   136 |   122 ||   318
 Fire: Blowgun           |       |     8 |     8 ||    16
 Cast: Ensorcelled Hiber |    15 |    39 |    36 ||    90
       Dazzling Spray    |       |       |     8 ||     8
       Corona            |       |       |     1 ||     1
 Abil: Evoke Invisibilit |       |       |     1 ||     1
Evoke: Deck              |       |       |     1 ||     1
  Use: Scroll            |     1 |     1 |       ||     2
       Potion            |       |     1 |     2 ||     3
 Stab: Sleeping          |    21 |    40 |    30 ||    91
       Distracted        |       |       |     1 ||     1
  Eat: Corpse            |     1 |       |       ||     1
